 Dungeon Crawl Stone Soup version 0.30.1-11-g7821555f0a (webtiles) character file.

Game seed: 15196311712118883952

2127559 Hi5aMiFi the Invulnerable (level 27, 273/273 HPs)
             Began as a Minotaur Berserker on Jan 13, 2024.
             Was the Champion of Trog.
             Escaped with the Orb
             ... and 4 runes on Jan 15, 2024!
             The game lasted 08:54:20 (85444 turns).

Hi5aMiFi the Invulnerable (Minotaur Berserker)     Turns: 85444, Time: 08:54:21

Health: 273/273    AC: 49    Str: 37    XL:     27
Magic:  10/10      EV: 11    Int:  7    God:    Trog [******]
Gold:   2516       SH: 35    Dex: 18    Spells: 26/26 levels left

rFire   + + +        V - +5 demon trident (antimagic)
rCold   + . .        v - +4 tower shield of Ornamental Wonder {Will+ Str+8 Dex+2 Stlth-}
rNeg    + . .        o - +8 gold dragon scales
rPois   +            (helmet restricted)
rElec   +            x - +2 cloak {rCorr}
rCorr   +            G - +0 pair of gloves of Day {rElec rN+}
SInv    .            M - +2 pair of boots
Will    +++..        W - amulet of reflection Stlth
                     L - ring "Kijogaaq" {rPois rF+ MP+9}
HPRegen 0.65/turn    E - +4 ring of protection
MPRegen 0.12/turn

%: reflection
@: hasted, studying 2 skills, very quick
A: horns 2, retaliatory headbutt, agile 1, deterioration 1, fire resistance 1
0: Orb of Zot
}: 4/15 runes: decaying, slimy, silver, gossamer
a: Renounce Religion, Berserk, Trog's Hand, Brothers in Arms


You escaped.
You worshipped Trog.
Trog was exalted by your worship.
You visited 11 branches of the dungeon, and saw 55 of its levels.
You also visited: Trove and Ossuary.

You collected 10804 gold pieces.
You spent 8288 gold pieces at shops.

Inventory:

Hand Weapons
 T - a +6 demon trident of electrocution
 V - a +5 antimagic demon trident (weapon)
Missiles
 g - 10 curare-tipped darts
 l - 5 throwing nets
 z - 2 boomerangs of dispersal
 D - 5 javelins
 F - 7 silver boomerangs
 P - 13 boomerangs (quivered)
 Q - 7 silver javelins
Armour
 f - the +0 plate armour "Ciruzaukhlo" {Rampage Drain +Blink rF++}
   (You found it on level 4 of the Vaults)

   rF:        It greatly protects you from fire.
   +Blink:    It lets you blink.
   Drain:     It drains your maximum health when unequipped.
   Rampage:   It bestows one free step when moving towards enemies.
 o - +8 gold dragon scales (worn)
 v - the +4 tower shield of Ornamental Wonder (worn) {Will+ Str+8 Dex+2 Stlth-}
   (You acquired it on level 12 of the Dungeon)

   Str:       It affects your strength (+8).
   Dex:       It affects your dexterity (+2).
   Will:      It increases your willpower.
   Stlth:     It makes you less stealthy.
 x - a +2 cloak of preservation (worn)
 G - the +0 pair of gloves of Day (worn) {rElec rN+}
   (You found it on level 3 of the Elven Halls)

   rElec:     It insulates you from electricity.
   rN:        It protects you from negative energy.
 M - a +2 pair of boots (worn)
Jewellery
 e - the ring of Vodeq {Ice rN++ Dex+6 SInv}
   (You took it off an ironbound convoker on level 5 of the Vaults)

   [ring of ice]

   It enhances your ice magic.
   Dex:       It affects your dexterity (+6).
   rF:        It makes you vulnerable to fire.
   rC:        It protects you from cold.
   rN:        It greatly protects you from negative energy.
   SInv:      It lets you see invisible.
 r - a ring of willpower
 t - a ring of protection from cold
 E - a +4 ring of protection (right hand)
 L - the ring "Kijogaaq" (left hand) {rPois rF+ MP+9}
   (You found it on level 4 of the Vaults)

   [ring of magical power]

   rF:        It protects you from fire.
   rPois:     It protects you from poison.
   MP:        It affects your magic capacity (+9).
 W - an amulet of reflection (around neck)
Wands
 n - a wand of paralysis (68)
 s - a wand of iceblast (43)
 J - a wand of digging (26)
 O - a wand of quicksilver (48)
Scrolls
 d - 3 scrolls of vulnerability
 h - 5 scrolls of blinking
 m - 6 scrolls of magic mapping
 p - 16 scrolls of teleportation
 q - 5 scrolls of fear
 u - 4 scrolls of silence
 w - 9 scrolls of poison
 y - 3 scrolls of fog
 K - 11 scrolls of immolation
 R - 5 scrolls of butterflies
Potions
 a - 4 potions of cancellation
 b - 3 potions of mutation
 c - 2 potions of haste
 i - 8 potions of heal wounds
 A - 5 potions of invisibility
 C - 16 potions of curing
 H - 6 potions of lignification
 I - 7 potions of ambrosia
 N - 3 potions of might
 U - 8 potions of attraction
Miscellaneous
 j - a tin of tremorstones (inert)
 k - a lightning rod (4/4)
 B - a box of beasts
 S - a phial of floods
 Y - a phantom mirror (inert)


   Skills:
 O Level 27 Fighting
 - Level 5.5 Maces & Flails
 * Level 23.2 Polearms
 - Level 16.0 Throwing
 O Level 27 Armour
 - Level 5.0 Dodging
 O Level 27 Shields
 + Level 20.4 Evocations


You had 26 spell levels left.
You didn't know any spells.
Your spell library was empty.

Dungeon Overview and Level Annotations

Branches:
Dungeon (15/15)            Temple (0/1) D:7            Lair (5/5) D:10
  Swamp (4/4) Lair:2       Spider (4/4) Lair:3        Slime (5/5) Lair:5
    Orc (2/2) D:12            Elf (3/3) Orc:2        Vaults (5/5) D:13
  Crypt (3/3) Vaults:3       Tomb (0/3) Crypt:3      Depths (4/4) D:15
    Zot (5/5) Depths:4    Ossuary (visited)

Altars:
Ashenzari
Elyvilon
Gozag
Kikubaaqudgha
Makhleb
Okawaru
Ru
Sif Muna
Trog
Vehumet
Xom
Yredelemnul
Zin
The Shining One
Jiyva

Shops:
D:1 [   D:3 *   D:4 [   D:11 !   D:13 *   Orc:2 (=(*[   Elf:3 *   Vaults:2 ?
Vaults:3 :   Vaults:5 *   Depths:3 =::   Depths:4 =

Portals:
Hell: Depths:1 Depths:2 Depths:3 Depths:4
Abyss: Depths:3 Depths:4
Pandemonium: Depths:2 Depths:4
Ziggurat: Depths:4

Annotations:
D:11 3 runed translucent doors, chicagocrazy's ghost, journeyman DsAr


Innate Abilities, Weirdness & Mutations

You have a pair of horns on your head.
You reflexively headbutt those who attack you in melee.
You are agile. (Dex +4, Str/Int -1)
Your body sometimes deteriorates upon taking damage.
Your flesh is heat resistant. (rF+)


Message History

There is a stone staircase leading up here.
You climb upwards.
There is a stone staircase leading down here.
Unknown command.
Unknown command.
Aiming: Dig
Press: ? - help, Shift-Dir - straight line A rock wall.
This square is covered in magical glow.
The rock shatters into small pieces.
Okay, then.
Okay, then.
There is a stone staircase leading up here.
You climb upwards.
There is a stone staircase leading down here.
Unknown command.
Aiming: Dig
Press: ? - help, Shift-Dir - straight line A rock wall.
This square is covered in magical glow.
The rock shatters into small pieces.
There is a stone staircase leading up here.
You climb upwards.
There is a stone staircase leading down here.
Okay, then.
Unknown command.
You feel yourself speed up.
Blink to where?
Press: ? - help, Dir - move target
As you read the scroll of blinking, it crumbles to dust.
Okay, then.
Unknown command.
Blink to where?
Press: ? - help, Dir - move target
As you read the scroll of blinking, it crumbles to dust.
Okay, then.
Blink to where?
Press: ? - help, Dir - move target
As you read the scroll of blinking, it crumbles to dust.
You have escaped!

.....# ##.#.##.#.#.# #.#
.....#####.#.....#..# #.#
....§.........#.....## #.#
.....#####.§......##.# ######.#
.....# #####....#.## #......#
##.###### #.#'#.## #.###### ##.#
##.######.#.### #.# ##.#
#.......###.### #.# ##.#
##.######..@..# #.#
##.####..#######.#########.#
.........'.............'...######
#######..####.#####.#####........
##...##.#####.#####.#######
###.'.........'....#
#######.##########
#...........###########
######.#######........>


There were no monsters in sight!

Vanquished Creatures
  the Royal Jelly (Slime:5)
  A dread lich (Zot:5)
  7 orbs of fire
  An ancient lich (Zot:5)
  Mennas (Vaults:4)
  2 juggernauts
  A pandemonium lord (D:8)
  Boris (twice) (Vaults:4 Crypt:3)
  6 Killer Klowns
  Margery (Vaults:3)
  Bai Suzhen (Vaults:3)
  15 golden dragons
  Jory (Crypt:3)
  the Enchantress (D:15)
  Arachne (Spider:2)
  A bone dragon (Depths:4)
  The ghost of hawkwood the Warrior, an adept DgAr (Elf:1)
  3 doom hounds (Zot:1)
  A shard shrike zombie (Crypt:3)
  4 electric golems
  Zenata (Vaults:2)
  5 liches
  21 tentacled monstrosities
  9 titans
  2 walking earthen tomes
  Grunn (Zot:1)
  A walking divine tome (Depths:1)
  2 walking frostbound tomes
  25 Orb Guardians (Zot:5)
  11 acid blobs
  11 quicksilver dragons
  A deep elf master archer (Elf:3)
  Frances (D:14)
  4 sphinxes
  3 ancient champions
  11 death cobs
  A thorn hunter (Swamp:3)
  7 draconian monks
  15 shadow dragons
  20 storm dragons
  4 revenants
  2 tengu reavers
  7 rockslimes
  10 azure jellies
  5 draconian knights
  17 fire giants
  12 frost giants
  7 draconian scorchers
  Louise (Depths:3)
  8 deep elf sorcerers
  7 emperor scorpions
  12 vault wardens
  2 balrugs
  2 iron dragons (Vaults:5)
  19 ironbound preservers
  7 ghost moths
  4 quicksilver oozes (Slime:5)
  4 angels (Zot:3)
  6 war gargoyles
  4 draconian shifters
  A curse skull (Crypt:1)
  5 deep elf elementalists (Elf:3)
  8 draconian annihilators
  6 ghouls
  14 stone giants
  A juggernaut zombie (Crypt:3)
  10 spriggan defenders
  5 broodmothers
  16 vampire knights
  3 draconian stormcallers
  11 ironbound thunderhulks
  30 very ugly things
  Nessos (D:13)
  5 deep elf demonologists
  12 green draconians
  6 black draconians
  3 eleionomae
  4 demonspawn black suns (Zot:2)
  8 deep elf annihilators
  2 bunyips
  5 purple draconians
  10 white draconians
  4 dire elephants
  9 red draconians
  13 spark wasps
  4 deep elf death magi
  11 yellow draconians
  4 eidola
  A green death (D:9)
  An entropy weaver (shapeshifter) (D:14)
  4 crystal guardians
  14 ettins
  Snorg (D:13)
  11 jiangshi
  5 entropy weavers
  9 yaktaur captains
  12 fire dragons
  2 shambling mangroves (Swamp:3)
  Erolcha (D:13)
  7 deep elf high priests
  A caustic shrike simulacrum (Crypt:3)
  10 great orbs of eyes
  27 vault guards
  7 peacekeepers
  An ogre mage (Vaults:5)
  17 hydras
  6 ironbound frosthearts
  5 rakshasas
  3 radroaches
  19 centaur warriors
  7 spriggan air magi
  11 ice dragons
  A ghost crab (Swamp:1)
  A spriggan skeleton (Crypt:2)
  4 alligators
  3 death knights
  3 jorogumos
  4 merfolk avatars (Swamp:1)
  3 two-headed ogres
  3 orc high priests (Orc:2)
  5 tengu warriors
  34 dancing weapons
  8 deep troll shamans
  19 vampire magi
  8 boulder beetles
  5 deep troll earth magi
  3 titan zombies
  5 death yaks
  30 hell knights
  12 spriggan berserkers
  A sun demon (Depths:2)
  18 deep elf knights
  8 soul eaters
  A fire crab (Lair:5)
  2 iron trolls (Depths:2)
  13 skeletal warriors
  5 bunyip zombies
  3 sun moths
  55 deep trolls
  5 pharaoh ants
  A shadow wraith (Crypt:3)
  3 goliath frogs
  A glowing orange brain (Vaults:4)
  A cherub (D:14)
  7 flayed ghosts
  4 golden dragon zombies (Crypt:3)
  16 swamp dragons
  2 anaconda zombies
  7 bog bodies
  An orb spider (shapeshifter) (Depths:3)
  2 ghost moth zombies
  2 fenstrider witch simulacra (Crypt:2)
  A spriggan druid (Swamp:3)
  16 deep elf archers
  A glowing orange brain (shapeshifter) (Depths:2)
  11 steelbarb worms
  2 sphinx zombies
  6 orb spiders
  21 phantasmal warriors
  A tengu zombie (D:15)
  13 lindwurms
  19 ironbound convokers
  An anaconda skeleton (Crypt:1)
  A harpy (shapeshifter) (Zot:3)
  31 deep elf zephyrmancers
  5 wizards
  18 necromancers
  28 wolf spiders
  5 orc sorcerers
  4 shining eyes
  36 deep elf pyromancers
  2 stone giant zombies
  7 orc knights
  2 manticores
  50 ugly things
  2 oklob plants
  28 moths of wrath
  2 cyclopes
  A cyclops (shapeshifter) (Depths:3)
  An elephant (shapeshifter) (Depths:2)
  12 elephants (Lair:5)
  3 will-o-the-wisps
  6 black mambas
  3 eyes of devastation
  A stone giant skeleton (D:15)
  A rust devil (Depths:4)
  14 vault sentinels
  A frost giant skeleton (D:15)
  2 centaur skeletons
  6 torpor snails
  17 cane toads
  3 demonic crawlers
  2 gargoyles
  2 naga skeletons
  2 titan simulacra
  3 kobold demonologists
  6 rime drakes
  A swamp worm zombie (Crypt:3)
  12 komodo dragons
  3 efreet
  4 freezing wraiths
  A yellow draconian zombie (Crypt:2)
  A death yak skeleton (Crypt:3)
  An iron troll zombie (Crypt:1)
  20 yaktaurs
  4 tengu conjurers
  A grey draconian skeleton (Crypt:2)
  2 ice devils (Depths:2)
  A red devil (Depths:4)
  11 polar bears
  A meliai (shapeshifter) (Vaults:5)
  4 trolls
  2 hydra zombies
  4 meliai
  2 harpy zombies (Crypt:3)
  10 tyrant leeches
  21 hornets
  2 raiju (Lair:5)
  2 green draconian skeletons
  A guardian serpent zombie (Crypt:1)
  20 tarantellas
  11 blink frogs
  13 dream sheep
  A sphinx simulacrum (Vaults:3)
  A fire dragon zombie (Crypt:2)
  2 harpy skeletons
  Prince Ribbit (D:6)
  2 dream sheep (shapeshifter)
  A death drake skeleton (Crypt:2)
  An ettin zombie (Vaults:3)
  5 air elementals
  An elf skeleton (Vaults:2)
  A jumping spider (shapeshifter) (Vaults:5)
  A centaur simulacrum (Crypt:3)
  70 slime creatures
  A spriggan (shapeshifter) (Zot:3)
  20 culicivoras
  33 jumping spiders
  10 water elementals
  18 vampires
  45 yaks
  20 spriggans
  A shadow (D:13)
  5 wraiths
  A black mamba zombie (Crypt:2)
  2 slime creature zombies
  3 wyverns
  3 fire elementals
  4 basilisks
  2 golden eyes (Slime:4)
  4 steam dragons
  A hog (shapeshifter) (Spider:3)
  A neqoxec (Depths:4)
  18 humans (D:13)
  51 redbacks
  8 swamp worms
  5 vampire mosquitoes
  A small abomination (D:8)
  A chaos spawn (Zot:3)
  A water nymph zombie (Crypt:3)
  A naga zombie (Crypt:3)
  A swamp worm (shapeshifter) (Depths:3)
  6 wargs
  9 acid dragons
  13 water moccasins
  A floating eye (Depths:2)
  20 hell hounds
  A water nymph skeleton (Crypt:2)
  11 black bears (Lair:5)
  An ice beast (D:7)
  24 orc warriors
  7 swamp drakes
  An ice beast (shapeshifter) (Elf:1)
  2 sky beasts
  6 ogres
  10 centaurs
  27 wolves
  3 human skeletons
  2 phantoms (D:5)
  An elf zombie (Ossuary)
  5 kobold brigands
  4 bullfrogs
  Blork the orc (D:4)
  4 necrophages
  2 scorpions
  6 earth elementals
  A gnoll sergeant (D:8)
  13 wights
  An orc simulacrum (Vaults:1)
  A polar bear skeleton (Crypt:3)
  12 killer bees
  3 electric eels
  A centaur zombie (Ossuary)
  4 human zombies
  3 jellies
  A quasit (D:6)
  A hound (D:5)
  17 orc priests
  2 gnoll boudas
  Crazy Yiuf (D:2)
  A boggart zombie (Crypt:2)
  Natasha (thrice) (D:2)
  4 iguanas
  29 orc wizards
  Terence (D:3)
  3 hell rats (Lair:5)
  A statue (D:7)
  2 hound zombies (Ossuary)
  3 mummies (Ossuary)
  A steam dragon zombie (Crypt:1)
  9 adders
  15 gnolls
  A shadow imp (D:6)
  2 ufetubi
  4 adder zombies (Ossuary)
  3 worms
  4 dart slugs
  65 orcs
  6 ball pythons
  A bat (D:3)
  6 endoplasms
  4 giant cockroaches
  A gnoll zombie (Ossuary)
  8 goblins
  8 hobgoblins
  5 jackals
  16 kobolds
  3 quokkas
  4 frilled lizards
  3 goblin zombies (Ossuary)
  A hobgoblin skeleton (Crypt:2)
  2 hobgoblin zombies (Ossuary)
  4 jackal zombies (Ossuary)
  3 kobold zombies (Ossuary)
  2 orc zombies (Ossuary)
  6 quokka zombies (Ossuary)
  4 rats
  5 rat zombies
  A spectral orc (D:6)
  A butterfly (Zot:3)
2421 creatures vanquished.

Vanquished Creatures (collateral kills)
  A Killer Klown (Zot:5)
  the Lernaean hydra (Swamp:4)
  A golden dragon (Vaults:5)
  2 tentacled monstrosities
  2 deep elf blademasters (Elf:3)
  A deep elf master archer (Elf:3)
  A sphinx (Vaults:4)
  A tengu reaver (Vaults:5)
  An azure jelly (Slime:5)
  An orc warlord (Vaults:2)
  A curse skull (Crypt:3)
  An ironbound preserver (Vaults:5)
  A war gargoyle (Vaults:5)
  2 very ugly things (Depths:3)
  A deep elf demonologist (Elf:3)
  2 vampire knights (Crypt:3)
  A black draconian (Zot:3)
  4 deep elf annihilators
  2 deep elf death magi
  A white draconian (Zot:3)
  3 deep elf high priests (Elf:3)
  4 vault guards (Vaults:5)
  2 ironbound convokers (Vaults:4)
  2 deep elf zephyrmancers
  An ugly thing (Depths:3)
  2 moths of wrath (Zot:3)
  A warg (Orc:1)
  2 orc warriors (Orc:1)
  An orc wizard (Orc:1)
  A hell rat (Lair:5)
  2 orcs (Orc:1)
49 creatures vanquished.

Vanquished Creatures (others)
  A golden dragon (Zot:1)
  3 fire giants
  A draconian knight (Zot:5)
  A black draconian (Zot:3)
  A white draconian (Zot:3)
  A vault guard (Vaults:5)
  A deep elf pyromancer (Elf:1)
  A guardian mummy (D:15)
  A water elemental (Elf:1)
  2 foxfires (Swamp:1)
13 creatures vanquished.

Grand Total: 2483 creatures vanquished

Notes
Turn   | Place    | Note
-------+----------+-------------------------------------------
     0 | D:1      | Hi5aMiFi the Minotaur Berserker began the quest for the
                  | Orb.
     0 | D:1      | Reached XP level 1. HP: 19/19 MP: 0/0
   486 | D:1      | Found Unnau's Antique Armour Boutique.
   502 | D:1      | Reached XP level 2. HP: 27/27 MP: 1/1
   950 | D:2      | Reached XP level 3. HP: 35/35 MP: 2/2
  1029 | D:2      | Reached skill level 5 in Fighting
  1380 | D:2      | Reached ** piety under Trog
  1506 | D:2      | Noticed Natasha
  1517 | D:2      | Killed Natasha
  1518 | D:2      | Reached XP level 4. HP: 42/42 MP: 3/3
  1713 | D:3      | Found Pueddiuj's Assorted Antiques.
  1741 | D:3      | Noticed Terence
  1758 | D:3      | Killed Terence
  1934 | D:3      | Reached XP level 5. HP: 37/50 MP: 4/4
  2124 | D:3      | Found a burning altar of Makhleb.
  2501 | D:4      | Found a shimmering blue altar of Sif Muna.
  2505 | D:4      | Found Ykkan's Antique Armour Emporium.
  2849 | D:4      | Reached skill level 1 in Shields
  2888 | D:4      | Reached XP level 6. HP: 58/58 MP: 5/5
  3142 | D:2      | Noticed Natasha
  3143 | D:2      | Found a burning altar of Makhleb.
  3149 | D:2      | Killed Natasha
  3183 | D:2      | Found a runed translucent door.
  3184 | D:2      | Noticed Crazy Yiuf
  3247 | D:2      | Noticed Natasha
  3254 | D:2      | Killed Natasha
  3573 | D:4      | Noticed Blork the orc
  3635 | D:4      | Found a sacrificial altar of Ru.
  3635 | D:4      | Found a broken altar of Ashenzari.
  3754 | D:5      | Entered Level 5 of the Dungeon
  3921 | D:5      | Reached skill level 5 in Armour
  4111 | D:5      | Reached XP level 7. HP: 64/66 MP: 6/6
  4212 | D:5      | Identified the +0 leather armour of Repulsion {Harm rElec}
  4281 | D:5      | Reached *** piety under Trog
  4497 | D:5      | Reached skill level 5 in Shields
  4995 | D:6      | Noticed Prince Ribbit
  4998 | D:6      | Killed Prince Ribbit
  4999 | D:6      | Reached XP level 8. HP: 73/73 MP: 7/7
  5140 | D:6      | Found a sand-covered staircase.
  5151 | Ossuary  | Entered an ossuary
  5523 | Ossuary  | Reached **** piety under Trog
  5568 | Ossuary  | Reached skill level 1 in Throwing
  5789 | D:6      | You fall into a shaft and drop 3 floors!
  5807 | D:9      | Identified the +3 ring mail of the Land of Plenty {Str+2
                  | Int+3 Dex+3}
  5976 | D:9      | Found a glowing golden altar of the Shining One.
  6075 | D:8      | Reached XP level 9. HP: 65/81 MP: 8/8
  6088 | D:8      | Reached skill level 10 in Shields
  6402 | D:7      | Found a staircase to the Ecumenical Temple.
  6481 | D:8      | Reached skill level 1 in Polearms
  6497 | D:8      | Found a white marble altar of Elyvilon.
  6550 | D:8      | Reached skill level 10 in Fighting
  6566 | D:8      | Reached skill level 5 in Polearms
  6874 | D:7      | Reached skill level 1 in Evocations
  7143 | D:3      | Bought a golden potion for 23 gold pieces
  7143 | D:3      | Bought a granite ring for 130 gold pieces
  7143 | D:3      | Bought a scroll of identify for 52 gold pieces
  7391 | D:4      | Killed Blork the orc
  7591 | D:6      | Reached XP level 10. HP: 93/93 MP: 9/9
  7992 | D:6      | Found a basalt altar of Yredelemnul.
  8616 | D:7      | Found a radiant altar of Vehumet.
  8888 | D:7      | Reached ***** piety under Trog
  9479 | D:8      | Found a bloodstained altar of Trog.
  9564 | D:8      | Found the +7 Throatcutter {drain, coup de grace}
  9791 | D:9      | Reached skill level 10 in Armour
 10101 | D:9      | Received a gift from Trog
 10365 | D:9      | Reached XP level 11. HP: 102/102 MP: 10/10
 10514 | D:10     | Entered Level 10 of the Dungeon
 10514 | D:10     | Noticed a two-headed ogre
 10874 | D:10     | Found a staircase to the Lair.
 11235 | D:10     | Killed a two-headed ogre
 11236 | D:10     | Reached skill level 10 in Polearms
 11688 | Lair:1   | Entered Level 1 of the Lair of Beasts
 13194 | Lair:2   | Reached XP level 12. HP: 105/115 MP: 11/11
 13489 | Lair:2   | Found a glowing silver altar of Zin.
 13812 | Lair:2   | Found a staircase to the Swamp.
 14377 | Lair:3   | Received a gift from Trog
 14800 | Lair:3   | Found a glowing silver altar of Zin.
 15080 | D:4      | Bought a brightly glowing plate armour for 560 gold pieces
 15080 | D:4      | Identified the +4 plate armour "Cace" {MP+9 Slay+2} (You
                  | bought it in a shop on level 4 of the Dungeon)
 15488 | Lair:3   | Found a hole to the Spider Nest.
 16342 | Lair:4   | Reached skill level 15 in Fighting
 16520 | Lair:4   | Noticed a death yak
 16558 | Lair:3   | Killed a death yak
 16854 | Lair:4   | Noticed a boulder beetle
 16863 | Lair:4   | Killed a boulder beetle
 16864 | Lair:4   | Reached XP level 13. HP: 126/126 MP: 12/12
 17444 | Lair:5   | Entered Level 5 of the Lair of Beasts
 18180 | Lair:5   | Received a gift from Trog
 18564 | Lair:5   | Reached skill level 15 in Armour
 19013 | Lair:5   | Found a staircase to the Slime Pits.
 19393 | D:5      | Identified the +0 spear of Aruxicum {protect, *Rage Will-
                  | Int+8 Stlth+}
 19403 | D:5      | Found an iron altar of Okawaru.
 19588 | D:2      | Killed Crazy Yiuf
 19809 | D:3      | Bought a potion of heal wounds for 130 gold pieces
 19809 | D:3      | Bought a scroll of fear for 104 gold pieces
 20271 | D:11     | Found a runed translucent gate.
 20271 | D:11     | Found a runed translucent gate.
 20271 | D:11     | Found a runed translucent gate.
 20752 | D:11     | Found Depidghuh's Distillery.
 20760 | D:11     | Bought a potion of might for 52 gold pieces
 21033 | D:11     | Reached XP level 14. HP: 135/135 MP: 13/13
 21075 | D:11     | Found a runed translucent gate.
 21075 | D:11     | Found a runed translucent gate.
 21079 | D:11     | Noticed chicagocrazy's ghost (journeyman DsAr)
 21080 | D:11     | Found a runed translucent gate.
 21127 | D:12     | Found an ancient bone altar of Kikubaaqudgha.
 21311 | D:12     | Identified a scroll of acquirement
 21313 | D:12     | Acquired the +4 tower shield of Ornamental Wonder {Will+
                  | Str+8 Dex+2 Stlth-}
 21467 | D:12     | Found a staircase to the Orcish Mines.
 22030 | D:13     | Reached skill level 15 in Shields
 22170 | D:13     | Noticed Snorg
 22177 | D:13     | Killed Snorg
 22237 | D:13     | Found Robluk's Changing Room.
 22237 | D:13     | Noticed Erolcha
 22289 | D:13     | Received a gift from Trog
 22315 | D:13     | Killed Erolcha
 22408 | D:13     | Noticed Nessos
 22415 | D:13     | Killed Nessos
 22565 | D:13     | Identified the +1 morningstar of Descent {freeze, rPois rC+
                  | Dex+2}
 22686 | D:13     | Found a gate to the Vaults.
 23320 | D:14     | Noticed Frances
 23331 | D:14     | Killed Frances
 24005 | Orc:1    | Entered Level 1 of the Orcish Mines
 24054 | Orc:1    | Received a gift from Trog
 24335 | Orc:2    | Entered Level 2 of the Orcish Mines
 24767 | Orc:2    | Found a staircase to the Elven Halls.
 24880 | Orc:2    | Received a gift from Trog
 24887 | Orc:2    | Reached XP level 15. HP: 146/146 MP: 14/14
 25359 | Orc:2    | Found Niutzy's Armour Emporium.
 25590 | Orc:2    | Found Teyruuloiwk's Assorted Antiques.
 25640 | Orc:2    | Found Cidwichige's Weapon Boutique.
 25641 | Orc:2    | Found Runta's Weapon Emporium.
 25667 | Orc:2    | Found Ygiruv's Jewellery Emporium.
 25677 | Orc:2    | Bought a scroll of identify for 70 gold pieces
 25677 | Orc:2    | Bought a fuming brown potion for 31 gold pieces
 25680 | Orc:2    | Bought a ring of resist corrosion for 240 gold pieces
 26274 | D:11     | Bought 2 potions of haste for 260 gold pieces
 26363 | Swamp:1  | Entered Level 1 of the Swamp
 26778 | Swamp:1  | Reached skill level 5 in Evocations
 26853 | Swamp:1  | Received a gift from Trog
 26861 | Swamp:1  | Identified the +4 great sword of Debt {venom, rPois Will+
                  | Str+2 Int+2}
 28205 | Swamp:3  | Identified the +7 long sword of Xouwn {heavy, rPois rCorr
                  | Stlth+}
 28687 | Swamp:4  | Entered Level 4 of the Swamp
 28852 | Swamp:4  | Reached ****** piety under Trog
 28927 | Swamp:4  | Received a gift from Trog
 29047 | Swamp:4  | Noticed the 27-headed Lernaean hydra
 29237 | Swamp:4  | Noticed a thorn hunter
 29264 | Swamp:3  | Reached XP level 16. HP: 153/158 MP: 15/15
 29288 | Swamp:3  | Killed a thorn hunter
 29728 | Swamp:4  | Got a decaying rune of Zot
 29916 | Swamp:4  | Killed the 27-headed Lernaean hydra
 31197 | Spider:1 | Entered Level 1 of the Spider Nest
 31453 | Spider:1 | Reached skill level 5 in Maces & Flails
 31578 | Spider:1 | Received a gift from Trog
 32957 | Spider:2 | Noticed Arachne
 32967 | Spider:2 | Killed Arachne
 32967 | Spider:2 | Received a gift from Trog
 34018 | Spider:3 | Received a gift from Trog
 34159 | Spider:3 | Reached XP level 17. HP: 164/170 MP: 16/16
 34292 | Spider:3 | Reached skill level 5 in Throwing
 35605 | Lair:5   | Received a gift from Trog
 35842 | Lair:5   | Identified the +9 ring mail "Japuyr" {Will- Str+3 Dex+3
                  | Stlth+}
 36624 | D:15     | Entered Level 15 of the Dungeon
 36816 | D:15     | Identified the +6 trident of Reinforcement {antimagic, rN+}
                  | (Trog gifted it to you on level 15 of the Dungeon)
 36816 | D:15     | Received a gift from Trog
 36817 | D:15     | Identified the +5 sling of Hubris {freeze, rF+ Int+3 SInv
                  | Stlth+}
 37067 | D:15     | Found a staircase to the Depths.
 37536 | D:15     | Found a burning altar of Makhleb.
 37796 | Spider:4 | Entered Level 4 of the Spider Nest
 38134 | Spider:4 | Received a gift from Trog
 38479 | Spider:4 | Reached skill level 10 in Throwing
 38983 | Spider:4 | Reached XP level 18. HP: 178/180 MP: 17/17
 39267 | Spider:4 | Received a gift from Trog
 39564 | Spider:4 | Got a gossamer rune of Zot
 39930 | Vaults:1 | Entered Level 1 of the Vaults
 40316 | Vaults:1 | Received a gift from Trog
 40456 | Vaults:1 | Found a portal to a secret trove of treasure.
 41556 | Vaults:1 | Received a gift from Trog
 42225 | Vaults:2 | Found Dutoexao's Magic Scroll Emporium.
 42273 | Vaults:2 | Bought a scroll of fear for 52 gold pieces
 42273 | Vaults:2 | Bought a scroll of brand weapon for 123 gold pieces
 42826 | Vaults:2 | Noticed Zenata
 42855 | Vaults:2 | Killed Zenata
 43034 | Vaults:2 | Reached XP level 19. HP: 93/191 MP: 9/18
 43835 | Vaults:3 | Noticed Bai Suzhen
 43890 | Vaults:3 | Killed Bai Suzhen
 44014 | Vaults:3 | Noticed Margery
 44027 | Vaults:3 | Killed Margery
 45087 | Vaults:3 | Found a staircase to the Crypt.
 45434 | Vaults:3 | Found Roedouz's Book Boutique.
 46176 | Vaults:4 | Identified the +0 plate armour "Ciruzaukhlo" {Rampage Drain
                  | +Blink rF++}
 46295 | Vaults:4 | Reached XP level 20. HP: 201/201 MP: 9/19
 46597 | Vaults:4 | Received a gift from Trog
 46739 | Vaults:4 | Identified the ring "Kijogaaq" {rPois rF+ MP+9}
 46813 | Vaults:4 | Noticed Boris
 46824 | Vaults:4 | Killed Boris
 46845 | Vaults:4 | Noticed Mennas
 46886 | Vaults:4 | Killed Mennas
 47932 | Slime:1  | Entered Level 1 of the Pits of Slime
 48201 | Slime:5  | Entered Level 5 of the Pits of Slime
 48516 | Slime:5  | Noticed the Royal Jelly
 48660 | Slime:5  | Found a viscous altar of Jiyva.
 48758 | Slime:5  | Killed the Royal Jelly
 48875 | Slime:5  | Identified the staff of earth "Zuerul" {rPois Will+}
 48879 | Slime:5  | Identified the staff of earth "Gocuen" {Int+3}
 48900 | Slime:5  | Identified the staff of cold "Rusijuwn" {+Blink rElec rC+
                  | Int-4 Dex+3}
 48966 | Slime:5  | Got a slimy rune of Zot
 49489 | Elf:1    | Entered Level 1 of the Elven Halls
 49490 | Elf:1    | Paralysed by an air elemental for 1 turns
 49496 | Elf:1    | Received a gift from Trog
 49744 | Elf:1    | Noticed hawkwood's ghost (adept DgAr)
 49761 | Elf:1    | Found a transporter.
 49764 | Elf:1    | Found a transporter.
 49894 | Elf:1    | Reached skill level 15 in Throwing
 50077 | Elf:1    | Found an ancient bone altar of Kikubaaqudgha.
 50317 | Elf:1    | Reached XP level 21. HP: 212/212 MP: 6/20
 50380 | Elf:2    | Received a gift from Trog
 50415 | Elf:2    | Found a radiant altar of Vehumet.
 50734 | Elf:2    | Found a runed translucent gate.
 50734 | Elf:2    | Found a runed translucent gate.
 50734 | Elf:2    | Found a runed translucent gate.
 51103 | Elf:2    | Received a gift from Trog
 51849 | Elf:3    | Entered Level 3 of the Elven Halls
 51924 | Elf:3    | Found a radiant altar of Vehumet.
 52291 | Elf:3    | Received a gift from Trog
 52414 | Elf:3    | Found Barghabry's Overcharged Wands.
 53114 | Elf:3    | Received a gift from Trog
 53244 | Elf:3    | Identified the +1 robe of Jokiovad {Rampage rF++ Str+3}
 53293 | Elf:3    | Identified the +4 short sword of Zuypnav {pain, rF++ Str+6
                  | Dex-5}
 53320 | Elf:3    | Found the +3 Elemental Staff {rElec rF+ rC+ AC+3}
 53334 | Elf:3    | Identified the staff of earth "Ostul" {rPois Will- Str+3}
 53386 | Elf:3    | Identified the +7 plate armour of the Sky {+Blink Will+
                  | Int-4}
 53443 | Elf:3    | Identified the +0 pair of gloves of Day {rElec rN+}
 53866 | Elf:1    | Killed hawkwood's ghost
 54231 | Crypt:1  | Entered Level 1 of the Crypt
 54458 | Crypt:1  | Received a gift from Trog
 55147 | Crypt:1  | Reached XP level 22. HP: 198/200 MP: 7/21
 55875 | Crypt:2  | Received a gift from Trog
 56219 | Crypt:3  | Entered Level 3 of the Crypt
 56344 | Crypt:3  | Noticed Boris
 57042 | Crypt:3  | Identified the +7 spear "Caoleng" {heavy, Fly rF+ rC+ Will-
                  | Dex+3} (Trog gifted it to you on level 3 of the Crypt)
 57042 | Crypt:3  | Received a gift from Trog
 57043 | Crypt:3  | Reached skill level 10 in Evocations
 57118 | Crypt:3  | Killed Boris
 57501 | Crypt:3  | Found a staircase to the Tomb.
 57899 | Crypt:3  | Received a gift from Trog
 58422 | Crypt:3  | Noticed Jory
 58447 | Crypt:3  | Killed Jory
 58481 | Crypt:3  | Identified the +1 robe of the Orcish Mines {Will+ Regen+
                  | Dex-2}
 59127 | Depths:1 | Entered Level 1 of the Depths
 59134 | Depths:1 | Noticed the Enchantress
 59262 | D:15     | Killed the Enchantress
 59335 | Depths:1 | Reached XP level 23. HP: 223/234 MP: 10/22
 59574 | Depths:1 | Found a gateway to Hell.
 59787 | Depths:1 | Received a gift from Trog
 60883 | Depths:2 | Received a gift from Trog
 61614 | Depths:2 | Found an opulent altar of Gozag.
 62199 | Depths:2 | Reached skill level 15 in Evocations
 62487 | Depths:2 | Received a gift from Trog
 62499 | Depths:2 | Found a one-way gate leading to the halls of Pandemonium.
 62621 | Depths:2 | Identified the staff of poison "Qeakhur" {Fragile rPois rN+
                  | SInv}
 62621 | Depths:2 | Identified the +7 war axe of Conflict {venom, rPois rF+
                  | Str+3}
 62955 | Depths:3 | Found Enyob's Book Shop.
 62956 | Depths:3 | Found Qeidohua's Jewellery Shoppe.
 62958 | Depths:3 | Found Gamaicuq's Book Shop.
 63692 | Depths:3 | Received a gift from Trog
 63917 | Depths:3 | Noticed a juggernaut
 63983 | Depths:3 | Noticed Louise
 64003 | Depths:3 | Killed Louise
 64014 | Depths:3 | Found a one-way gate to the infinite horrors of the Abyss.
 64041 | Depths:3 | Reached XP level 24. HP: 216/242 MP: 7/22
 64302 | Depths:3 | Killed a juggernaut
 64569 | Depths:3 | Found a runed translucent door.
 65570 | Depths:4 | Entered Level 4 of the Depths
 66603 | Depths:3 | Received a gift from Trog
 67226 | Depths:4 | Found a one-way gateway to a ziggurat.
 67583 | Depths:4 | Found Ynka's Jewellery Shoppe.
 67700 | Depths:4 | Reached skill level 27 in Armour
 68140 | Depths:4 | Found a gate to the Realm of Zot.
 68688 | Vaults:1 | You paid a toll of +2 shadow dragon scales to enter a
                  | treasure trove
 68689 | Trove    | Entered a treasure trove
 68705 | Trove    | Identified the +3 dagger of Courage {distort, rF+ Will+
                  | MP-9 Int+2}
 68706 | Trove    | Identified the +1 hand axe of the Purse {distort, +Blink
                  | rN+ Str+2 Int+2}
 68726 | Trove    | Identified the +8 dagger of the Rotten God {spect, rElec
                  | rC+}
 68997 | Vaults:2 | Bought a scroll of teleportation for 39 gold pieces
 69183 | D:11     | Bought a potion of mutation for 104 gold pieces
 69183 | D:11     | Bought a potion of curing for 39 gold pieces
 69347 | Orc:2    | Bought a scroll of teleportation for 105 gold pieces
 69588 | D:3      | Bought a potion of mutation for 208 gold pieces
 69605 | D:4      | Bought a runed plate armour for 520 gold pieces
 69667 | D:1      | Bought a runed plate armour for 650 gold pieces
 71068 | Vaults:5 | Entered Level 5 of the Vaults
 71111 | Vaults:5 | Received a gift from Trog
 71233 | Vaults:5 | Reached skill level 27 in Shields
 71431 | Vaults:5 | Identified the +0 scale mail "Qatuschu" {Rampage}
 71712 | Vaults:5 | Identified the +2 demon trident of Upheaval {flame, Drain
                  | rN+ Dex+2 SInv} (Trog gifted it to you on level 5 of the
                  | Vaults)
 71712 | Vaults:5 | Received a gift from Trog
 71768 | Vaults:5 | Reached XP level 25. HP: 211/251 MP: 7/22
 71844 | Vaults:5 | Found Ikla's Assorted Antiques.
 72574 | Vaults:5 | Got a silver rune of Zot
 72812 | Vaults:5 | Identified the +2 leather armour of the Equator {rF+ Str+4}
 72812 | Vaults:5 | Identified the ring of Vodeq {Ice rN++ Dex+6 SInv}
 72936 | Vaults:5 | Received a gift from Trog
 73180 | Vaults:5 | Identified the staff of fire "Zadit" {rElec rF+ Will- rCorr
                  | Str+4}
 73242 | Vaults:5 | Reached skill level 27 in Fighting
 73597 | Vaults:5 | Reached skill level 5 in Dodging
 73622 | Vaults:5 | Identified the +0 cloak of the Tormentor {Str+3}
 73838 | Vaults:5 | Identified the +3 great mace "Reufyd" {vamp, SInv}
 73904 | Vaults:5 | Bought a scroll of fog for 100 gold pieces
 74543 | D:13     | Reached XP level 26. HP: 266/266 MP: 7/22
 74689 | Zot:1    | Entered Level 1 of the Realm of Zot
 75028 | Zot:1    | Received a gift from Trog
 75644 | Zot:1    | Noticed an orb of fire
 75649 | Zot:1    | Gained mutation: Your body sometimes deteriorates upon
                  | taking damage. [an orb of fire]
 75667 | Zot:1    | Killed an orb of fire
 76390 | Zot:1    | Noticed Grunn
 76409 | Zot:1    | Killed Grunn
 77428 | Zot:2    | Identified the +5 spear of Analysis {drain, Str+4 Stlth+}
 77443 | Zot:2    | Received a gift from Trog
 77583 | Zot:2    | Noticed an orb of fire
 77588 | Zot:2    | Gained mutation: Your spells are a little easier to cast,
                  | but a little less powerful. [an orb of fire]
 77609 | Zot:2    | Killed an orb of fire
 77924 | Zot:2    | Reached XP level 27. HP: 273/273 MP: 1/22
 79063 | Zot:3    | Reached skill level 15 in Polearms
 80606 | Zot:3    | Found a shimmering altar of Xom.
 80606 | Zot:3    | Found a shimmering altar of Xom.
 80608 | Zot:3    | Found a shimmering altar of Xom.
 80608 | Zot:3    | Found a shimmering altar of Xom.
 80609 | Zot:3    | Found a shimmering altar of Xom.
 80610 | Zot:3    | Found a glowing silver altar of Zin.
 81533 | Zot:4    | Identified the +7 chain mail of Eneukhleli {*Slow Will+
                  | Stlth+}
 82051 | Zot:5    | Entered Level 5 of the Realm of Zot
 82322 | Zot:5    | Received a gift from Trog
 82638 | Elf:3    | Bought a wand of quicksilver (18) for 1134 gold pieces
 82638 | Elf:3    | Bought a wand of quicksilver (18) for 1134 gold pieces
 82638 | Elf:3    | Bought a wand of iceblast (18) for 648 gold pieces
 82638 | Elf:3    | Bought a wand of iceblast (18) for 648 gold pieces
 82938 | Vaults:5 | Bought a wand of paralysis (4) for 240 gold pieces
 82938 | Vaults:5 | Bought a wand of digging (8) for 840 gold pieces
 83046 | Vaults:2 | Bought a scroll of poison for 52 gold pieces
 83835 | Zot:5    | Noticed an ancient lich
 83845 | Zot:5    | Killed an ancient lich
 83876 | Zot:5    | Noticed an orb of fire
 83877 | Zot:5    | Noticed an orb of fire
 83880 | Zot:5    | Noticed an orb of fire
 83883 | Zot:5    | Killed an orb of fire
 83883 | Zot:5    | Noticed an orb of fire
 83885 | Zot:5    | Gained mutation: You are dopey. (Int -2) [an orb of fire]
 83888 | Zot:5    | Killed an orb of fire
 83888 | Zot:5    | Noticed an orb of fire
 83893 | Zot:5    | Killed an orb of fire
 83895 | Zot:5    | Gained mutation: You occasionally lose the ability to drink
                  | potions when taking damage. [an orb of fire]
 83899 | Zot:5    | Killed an orb of fire
 83907 | Zot:5    | Noticed a dread lich
 83910 | Zot:5    | Killed an orb of fire
 83937 | Zot:5    | Killed a dread lich
 84002 | Zot:5    | a Killer Klown changed into a juggernaut
 84002 | Zot:5    | Noticed a juggernaut
 84025 | Zot:5    | Killed a juggernaut
 84810 | Zot:5    | Received a gift from Trog
 85062 | Zot:5    | Got the Orb of Zot
 85242 | D:13     | Lost mutation: You occasionally lose the ability to drink
                  | potions when taking damage. [potion of mutation]
 85242 | D:13     | Lost mutation: Your spells are a little easier to cast, but
                  | a little less powerful. [potion of mutation]
 85242 | D:13     | Gained mutation: Your spells are a little harder to cast,
                  | but a little more powerful. [potion of mutation]
 85242 | D:13     | Gained mutation: You are partially covered in iridescent
                  | scales. (AC +2) [potion of mutation]
 85242 | D:13     | Gained mutation: Armour fits poorly on your strangely
                  | shaped body. [potion of mutation]
 85242 | D:13     | Gained mutation: You have a pair of large horns on your
                  | head. [potion of mutation]
 85243 | D:13     | Lost mutation: You are dopey. (Int -2) [potion of mutation]
 85243 | D:13     | Lost mutation: Your spells are a little harder to cast, but
                  | a little more powerful. [potion of mutation]
 85243 | D:13     | Gained mutation: Your mind is acute. (Int +4, Str/Dex -1)
                  | [potion of mutation]
 85243 | D:13     | Gained mutation: You have hidden genetic potential. [potion
                  | of mutation]
 85243 | D:13     | Gained mutation: You have a somewhat thin skeletal
                  | structure. (Dex +2, Stealth+) [potion of mutation]
 85244 | D:13     | Lost mutation: You are partially covered in iridescent
                  | scales. (AC +2) [potion of mutation]
 85244 | D:13     | Lost mutation: You have a somewhat thin skeletal structure.
                  | (Dex +2, Stealth+) [potion of mutation]
 85244 | D:13     | Gained mutation: You are agile. (Dex +4, Str/Int -1)
                  | [potion of mutation]
 85245 | D:13     | Lost mutation: You have a pair of large horns on your head.
                  | [potion of mutation]
 85245 | D:13     | Lost mutation: Your mind is acute. (Int +4, Str/Dex -1)
                  | [potion of mutation]
 85245 | D:13     | Lost mutation: You have hidden genetic potential. [potion
                  | of mutation]
 85245 | D:13     | Gained mutation: You are vulnerable to cold. (rC-) [potion
                  | of mutation]
 85246 | D:13     | Lost mutation: You are vulnerable to cold. (rC-) [potion of
                  | mutation]
 85246 | D:13     | Lost mutation: Armour fits poorly on your strangely shaped
                  | body. [potion of mutation]
 85246 | D:13     | Gained mutation: Your flesh is heat resistant. (rF+)
                  | [potion of mutation]
 85313 | D:8      | Noticed Cyefal the pandemonium lord
 85326 | D:8      | Killed Cyefal the pandemonium lord
 85444 | D:$      | Escaped with the Orb!

Illustrated notes

Levels and vault maps discovered:
D:1:      shiori_shiawase, layout_loops_ring, serial_shops,
          nicolae_shop_dealshenge, minivault_14
D:2:      minmay_evil_eye, layout_basic, basic_altar, st_stairs_11,
          uniq_crazy_yiuf_cottage, uniq_natasha
D:3:      layout_rooms, lemuel_tele_altar, serial_shops, shop, st_stairs_3,
          glass_columns_a, minmay_fountain_box, uniq_terence
D:4:      layout_loops_ring, nicolae_sif_muna_condensation, minitemple,
          serial_shops, nicolae_stop_n_shop_1, uniq_blork_the_orc
D:5:      layout_loops_corners, kennysheep_mini_moat, fountainhead
D:6:      layout_cave_pods, yredelemnul_forgotten_temple_becter,
          chequers_ossuary_entry_cave, serial_demonic, serial_demonic_b,
          serial_demonic_e, serial_demonic_e, serial_demonic_a,
          uniq_prince_ribbit1
D:7:      layout_gridville, vehumet_statue, minmay_temple_entry_from_below_a
D:8:      layout_rooms, lightli_temple_of_fire, mainiacjoe_overflow_24_doors,
          fountainhead, small_chamber_with_monster, serial_park_tiny_1,
          dilly_guarded_unrand_throatcut
D:9:      layout_big_octagon, mainiacjoe_overflow_paths
D:10:     layout_small_grid, david_lair_shrubbed, minivault_1,
          nicolae_benzene_ring, kennysheep_generic_room_10
D:11:     layout_gridville, ploomutoo_gammafunk_ghost_potion_laboratory,
          serial_shops, nicolae_shop_stone
D:12:     layout_small_grid, david_orc_3, drop_trap, kiku_gazebo_garden_becter
D:13:     layout_basic, grunt_vaults_entry_tiered, nicolae_transmutations_shop,
          uniq_nessos, uniq_erolcha, uniq_snorg
D:14:     layout_stronghold, serial_park_square2, uniq_frances
D:15:     gammafunk_depths_entry_grave, layout_loops_ring,
          makhleb_altar_promises_db
Lair:1:   layout_small_grid, serial_bayou_shore_a, grunt_megastairs_1
Lair:2:   layout_cave_pods, minmay_swamp_entry_worms, lemuel_oklob_altar
Lair:3:   layout_regular_city, hellmonk_spider_entry_not_the_bees, basic_altar,
          beast_lair_carwin_5, serial_bayou_shore_b
Lair:4:   layout_cave_pods, beast_lair_carwin_2
Lair:5:   guppyfry_lair_end_dragon, layout_gridlike,
          hangedman_lair_caniforms_friends, dpeg_slime_entry_enclosed,
          serial_bayou_crossing
Swamp:1:  layout_falls_marsh, evilmike_swamp_ruin_house_2,
          grunt_lady_of_the_lake
Swamp:2:  layout_basic_swamp, nicolae_swamp_stair_fork
Swamp:3:  layout_falls_marsh, nicolae_swamp_well_well_well, swamp_pool4
Swamp:4:  swamp_alternative, layout_basic_swamp, infiniplex_staircase_pool_2
Spider:1: layout_spider_delve, drop_trap, nicolae_spider_some_kinda_spiderbox,
          hangedman_spider_tarantella_strand
Spider:2: layout_cave_pods, uniq_arachne
Spider:3: layout_cave_pods, hellmonk_deceptive_appearances
Spider:4: grunt_spider_rune_circles
Slime:1:  layout_caves
Slime:2:  layout_caves
Slime:3:  layout_caves, cheibrodos_slime_lost_civilization_7
Slime:4:  layout_caves, nicolae_slime_ancient_tower_intersection
Slime:5
Orc:1:    layout_caves, basic_altar
Orc:2:    st_orc_elflike, layout_diamond_mine, serial_shops,
          nicolae_shop_rolling_square
Elf:1:    layout_geoelf_octagon, basic_altar, gammafunk_ghost_arena,
          minmay_elf_sorcery
Elf:2:    elven_hall_of_blades_hangedman_original [nicolae_blade_bullseye],
          layout_geoelf_octagon, basic_altar, dk_noncrumbling_3
Elf:3:    minmay_elf_hall_not_hex, layout_geoelf_castle, basic_altar,
          st_stairs_2, nicolae_shop_overcharged_wands
Vaults:1: nicolae_vaults_triangles, dpeg_vaults_monster_row,
          nicolae_vaults_closet_pinwheel_6, v_misc_14, v_rooms_2,
          v_alt_pattern_5, v_misc_31, nicolae_vaults_angled_halls,
          nicolae_vaults_little_squares_2, nicolae_vaults_shock_wave,
          nicolae_vaults_tetromino_L_1, ontoclasm_vaults_twist,
          nicolae_vaults_house_3, nicolae_vaults_double_plus_3,
          layout_vaults_maze_snakey, nicolae_trove_entry_crossroad
Vaults:2: nicolae_vaults_variable_pillar_hall,
          nicolae_vaults_offset_grid_hallway_3, vaults_room_fancy_cross,
          hangedman_vaults_hat, v_misc_3, nicolae_vaults_tetromino_T_1,
          v_misc_29, v_misc_16, nicolae_vaults_octothorpe,
          nicolae_vaults_frosty_reception, nicolae_vaults_surprise_closet_hard,
          layout_vaults_chaotic_city, serial_shops, shop, uniq_zenata
Vaults:3: hangedman_vaults_variations, nicolae_vaults_off_center_swirl,
          v_alt_pattern_3, v_pattern_2, v_misc_14, vaults_room_pools,
          ontoclasm_vaults_eye, vaults_dpeg_diagonal, serial_ice_g,
          layout_vaults_omnigrid, serial_shops, nicolae_shop_advertising_works
          [nicolae_subvault_shop_adworks], uniq_margery, uniq_bai_suzhen
Vaults:4: ontoclasm_vaults_bender, nicolae_vaults_enemy_cabinets,
          nicolae_vaults_tangram_1, vaults_standard_mumra_x,
          nicolae_vaults_trapezoid_lopsided_1, nicolae_vaults_three_branches,
          ontoclasm_vaults_spin, nicolae_vaults_heart-shaped_vault,
          grunt_vaults_hallway_short, nicolae_vaults_sealed_display,
          nicolae_vaults_what_the_h, layout_vaults_omnicross, uniq_mennas,
          uniq_boris
Vaults:5
Crypt:1:  layout_rooms, serial_corexii_hall, corexii_hall_statues_t,
          corexii_hall_statues_l, corexii_hall_statues_i, fountainhead
Crypt:2:  layout_misc_corridors
Crypt:3:  due_elkab, layout_chaotic_city, fountainhead, weyrava_lich_vault
Depths:1: layout_basic, hell_entry, nicolae_kite_square_tiling_tiny,
          minmay_fractal_squares_diagonal_5, uniq_enchantress
Depths:2: minmay_the_grid_3x2 [minmay_the_grid_slots,
          minmay_the_grid_minigrid_large, minmay_the_grid_all_tris,
          minmay_the_grid_aliased_spiral, minmay_the_grid_minigrid_small,
          minmay_the_grid_prize_shrinking_boxes], layout_honeycomb, hell_entry,
          nicolae_gozag_seed_capital, rand_demon_pan_entry_8,
          minmay_pinched_square, serial_bayou_shore_b
Depths:3: minmay_curly_fans, layout_cave_pools, hell_entry,
          nicolae_abyss_entry_one_way_or_another, hellmonk_bongcloud_opening,
          lightli_gold_pyramid, minmay_shop_grove
Depths:4: grunt_crosshair, layout_cave_pools, enter_ziggurat_b,
          rand_demon_pan_entry_4, minmay_tree_intersection,
          abyss_entry_small_statue_room, serial_shops, nicolae_shop_tiny_glass,
          hell_entry, lemuel_old_faithful
Zot:1:    layout_concentric_octagons, st_large_dragon_hoard_3, uniq_grunn
Zot:2:    dreamdust_black_sun_cult, layout_concentric_octagons,
          grunt_megastairs_4
Zot:3:    dreamdust_zin_vs_xom, layout_cathedral_of_symmetry, st_stairs_5,
          evilmike_ambush [evilmike_ambush_outer_basic,
          evilmike_ambush_inner_basic]
Zot:4:    layout_gridlike
Zot:5:    layout_cellular_growth, guppyfry_library_mini

Skill      XL: |  1  2  3  4  5  6  7  8  9 10 11 12 13 14 15 16 17 18 19 20 21 22 23 24 25 26 27 |
---------------+----------------------------------------------------------------------------------+-----
Fighting       | 4 5 6 7 8 10 11 13 15 16 18 19 20 22 23 24 25 27 | 27.0
Armour         | 3 4 5 6 7 10 12 15 18 22 24 25 27 | 27.0
Shields        | 1 4 7 9 10 14 17 20 22 23 25 27 | 27.0
Throwing       | 2 4 10 11 15 16 | 16.0
Polearms       | 7 8 12 14 23 | 23.2
Evocations     | 1 3 4 5 7 8 12 15 16 18 20 | 20.4
Maces & Flails | 5 |  5.5
Dodging        | 5 |  5.0

Action                     |  1- 3 |  4- 6 |  7- 9 | 10-12 | 13-15 | 16-18 | 19-21 | 22-24 | 25-27 || total
---------------------------+-------+-------+-------+-------+-------+-------+-------+-------+-------++-------
  Melee: Mace              |    59 |    72 |       |       |       |       |       |       |       ||   131
         Headbutt          |     9 |    18 |    56 |   109 |   261 |   440 |   476 |   923 |   668 ||  2960
         Hand axe          |       |    77 |   262 |       |       |       |       |       |       ||   339
         Trident           |       |       |    83 |   724 |  1311 |   245 |   148 |  1141 |       ||  3652
         Demon trident     |       |       |       |       |       |  1553 |  1868 |  1928 |  2185 ||  7534
  Throw: Stone             |     1 |     4 |    21 |    23 |       |       |       |       |       ||    49
         Throwing net      |     2 |     1 |       |       |       |       |     1 |       |       ||     4
         Dart              |       |     9 |    16 |    87 |    84 |    48 |     7 |       |     6 ||   257
         Boomerang         |       |     6 |     8 |    23 |     9 |    16 |    70 |    55 |    41 ||   228
         Javelin           |       |       |       |       |       |       |     8 |    10 |    20 ||    38
 Invoke: Berserk           |     1 |     1 |     2 |     1 |       |       |     1 |       |       ||     6
         Trog's Hand       |     1 |     3 |     3 |       |     3 |     8 |    14 |     8 |     4 ||    44
         Brothers in Arms  |       |       |       |       |     3 |     1 |     5 |     8 |     3 ||    20
  Evoke: Wand              |       |       |     4 |     3 |     6 |    29 |     3 |     6 |    30 ||    81
         Lightning rod     |       |       |       |       |       |     6 |     5 |     2 |       ||    13
         Phantom mirror    |       |       |       |       |       |     1 |     2 |     1 |     2 ||     6
         Phial of floods   |       |       |       |       |       |     2 |     1 |       |       ||     3
         Box of beasts     |       |       |       |       |       |       |       |       |     3 ||     3
         Tin of tremorston |       |       |       |       |       |       |       |       |     2 ||     2
    Use: Scroll            |     3 |     4 |    15 |     9 |    15 |    16 |     8 |    15 |    20 ||   105
         Potion            |       |     1 |       |     1 |     1 |     4 |     9 |    19 |    26 ||    61
   Stab: Paralysed         |       |       |       |       |       |    12 |       |     1 |    20 ||    33
         Held in net/web   |       |       |       |       |       |     1 |       |       |       ||     1
         Distracted        |       |       |       |       |       |     1 |       |     7 |       ||     8
         Invisible         |       |       |       |       |       |       |       |     2 |     1 ||     3
 Armour: Ring mail         |    21 |     6 |       |       |       |       |       |       |       ||    27
         Animal skin       |     1 |       |       |       |       |       |       |       |       ||     1
         Chain mail        |       |    69 |    84 |     1 |       |       |       |       |       ||   154
         Plate armour      |       |       |       |   167 |   334 |   415 |   372 |   540 |   134 ||  1962
         Skin              |       |       |       |       |       |       |       |     9 |       ||     9
         Gold dragon scale |       |       |       |       |       |       |       |       |   328 ||   328
  Dodge: Dodged            |    23 |    92 |   142 |   111 |   129 |   187 |   219 |   279 |   253 ||  1435
         Repelled          |       |       |       |       |       |       |    12 |       |       ||    12
  Block: Kite shield       |       |       |   137 |   204 |   102 |       |       |       |       ||   443
         Tower shield      |       |       |       |       |   483 |  1199 |  1268 |  2042 |  1618 ||  6610
         Reflection        |       |       |       |       |       |       |       |    27 |    26 ||    53
